FCL
FCL ST. LOUIS CARDINALS @ FCL LOS ANGELES (N) DODGERS
04/30/2042
 
TOP OF THE 1ST
FCL St. Louis Cardinals batting - Pitching for FCL Los Angeles (N) Dodgers : RHP Ben Anderson
Pitching: RHP Ben Anderson
Batting: SHB Dan Carter 0-0: Ball
1-0: Called Strike
1-1: Ball
2-1: Foul Ball, location: 25F
2-2: Foul Ball, location: 3SF
2-2: Ball
3-2: Foul Ball, location: 3FF
3-2: Strikes out looking
Batting: RHB Isaac Dean 0-0: Called Strike
0-1: Ball
1-1: Called Strike
1-2: Ball
2-2: Foul Ball, location: 9LSFF
2-2: Strikes out looking
Batting: LHB Pete Bullock 0-0: Foul Ball, location: 23F
0-1: Foul Ball, location: 2F
0-2: Strikes out swinging
Top of the 1st over - 0 runs, 0 hits, 0 errors, 0 left on base; FCL St. Louis 0 - FCL Los Angeles (N) 0
BOTTOM OF THE 1ST
FCL Los Angeles (N) Dodgers batting - Pitching for FCL St. Louis Cardinals : RHP Max Knox
Pitching: RHP Max Knox
Batting: RHB Alfredo Macías 0-0: Called Strike
0-1: Ground out 6-3 (Groundball, 6, EV 76.3 MPH)
Batting: LHB Steve Drews 0-0: Ball
1-0: SINGLE (Groundball, 34D, EV 108.8 MPH)
Batting: SHB Joe Holley 0-0: Called Strike
0-1: Ball
1-1: Ball
2-1: Foul Ball, location: 5F
2-2: Ball
3-2: Base on Balls
Steve Drews to second
Batting: RHB Sergio Aguilera 0-0: Foul Ball, location: 9LSF
0-1: Swinging Strike
0-2: Ball
1-2: Ball
2-2: Grounds into double play, 4-6-3 (Groundball, 4MD, EV 94.4 MPH)
Bottom of the 1st over - 0 runs, 1 hit, 0 errors, 1 left on base; FCL St. Louis 0 - FCL Los Angeles (N) 0
TOP OF THE 2ND
FCL St. Louis Cardinals batting - Pitching for FCL Los Angeles (N) Dodgers : RHP Ben Anderson
Batting: RHB Jon Reed 0-0: Swinging Strike
0-1: Ball
1-1: Ball
2-1: Ball
3-1: Swinging Strike
3-2: Strikes out swinging
Batting: RHB Raúl Mendoza 0-0: Called Strike
0-1: Fly out, F8 (Flyball, 78D, EV 98.1 MPH)
Batting: SHB Tim Chapman 0-0: Ball
1-0: Foul Ball, location: 5FF
1-1: Ball
2-1: Ball
3-1: Foul Ball, location: 2F
3-2: Foul Ball, location: 2F
3-2: Base on Balls
Batting: RHB Dave Muller 0-0: Foul Ball, location: 9LDF
0-1: Foul Ball, location: 23F
0-2: Ball
1-2: Strikes out swinging
Top of the 2nd over - 0 runs, 0 hits, 0 errors, 1 left on base; FCL St. Louis 0 - FCL Los Angeles (N) 0
BOTTOM OF THE 2ND
FCL Los Angeles (N) Dodgers batting - Pitching for FCL St. Louis Cardinals : RHP Max Knox
Batting: RHB Gonçalo Givotovsky 0-0: Foul Ball, location: 9LDF
0-1: Called Strike
0-2: Foul Ball, location: 2F
0-2: Ball
1-2: Strikes out looking
Batting: LHB José Meléndez 0-0: Ball
1-0: Ball
2-0: Ball
3-0: Base on Balls
Batting: RHB Patrice Dumortier 0-0: Swinging Strike
0-1: Foul Ball, location: 2F
0-2: Foul Ball, location: 9LMF
0-2: Strikes out swinging
Batting: LHB Ioan Avram 0-0: Ball
1-0: Swinging Strike
1-1: Swinging Strike
1-2: Foul Ball, location: 3FF
1-2: Strikes out swinging
Bottom of the 2nd over - 0 runs, 0 hits, 0 errors, 1 left on base; FCL St. Louis 0 - FCL Los Angeles (N) 0
TOP OF THE 3RD
FCL St. Louis Cardinals batting - Pitching for FCL Los Angeles (N) Dodgers : RHP Ben Anderson
Batting: RHB Gil Robert 0-0: Called Strike
0-1: Ball
1-1: Ball
2-1: Foul Ball, location: 2F
2-2: Strikes out swinging
Batting: LHB Mel Peterson 0-0: Ball
1-0: Foul Ball, location: 7LDF
1-1: Ball
2-1: Swinging Strike
2-2: Foul Ball, location: 2F
2-2: Strikes out swinging
Batting: SHB Dan Carter 0-0: Ball
1-0: Ball
2-0: Ground out 4-3 (Groundball, 4, EV 100.6 MPH)
Top of the 3rd over - 0 runs, 0 hits, 0 errors, 0 left on base; FCL St. Louis 0 - FCL Los Angeles (N) 0
BOTTOM OF THE 3RD
FCL Los Angeles (N) Dodgers batting - Pitching for FCL St. Louis Cardinals : RHP Max Knox
Batting: RHB Wilbert Ray 0-0: Called Strike
0-1: Ball
1-1: Called Strike
1-2: Strikes out looking
Batting: RHB Alfredo Macías 0-0: Ball
1-0: Ground out 6-3 (Groundball, 6, EV 103.8 MPH)
Batting: LHB Steve Drews 0-0: Called Strike
0-1: SINGLE (Groundball, 34D, EV 105.6 MPH)
Batting: SHB Joe Holley 0-0: Called Strike
0-1: Ball
1-1: SINGLE (Line Drive, 8LS, EV 93.8 MPH)
Steve Drews to second
Runner from 2nd tries for 3rd, OUT! 8-5
Bottom of the 3rd over - 0 runs, 2 hits, 0 errors, 1 left on base; FCL St. Louis 0 - FCL Los Angeles (N) 0
TOP OF THE 4TH
FCL St. Louis Cardinals batting - Pitching for FCL Los Angeles (N) Dodgers : RHP Ben Anderson
Batting: RHB Isaac Dean 0-0: Ground out 6-3 (Groundball, 6D, EV 103.8 MPH)
Batting: LHB Pete Bullock 0-0: Ground out 6-3 (Groundball, 6, EV 86.9 MPH)
Batting: RHB Jon Reed 0-0: Called Strike
0-1: Ball
1-1: Ball
2-1: Called Strike
2-2: Foul Ball, location: 3F
2-2: Strikes out looking
Top of the 4th over - 0 runs, 0 hits, 0 errors, 0 left on base; FCL St. Louis 0 - FCL Los Angeles (N) 0
BOTTOM OF THE 4TH
FCL Los Angeles (N) Dodgers batting - Pitching for FCL St. Louis Cardinals : RHP Max Knox
Batting: RHB Sergio Aguilera 0-0: Foul Ball, location: 23F
0-1: Foul Ball, location: 2F
0-2: Ball
1-2: Foul Ball, location: 9LSF
1-2: Strikes out swinging
Batting: RHB Gonçalo Givotovsky 0-0: Ball
1-0: Called Strike
1-1: Ball
2-1: Called Strike
2-2: Strikes out swinging
Batting: LHB José Meléndez 0-0: Ball
1-0: Foul Ball, location: 9LSF
1-1: Ground out U3 (Groundball, 3L, EV 88.8 MPH)
Bottom of the 4th over - 0 runs, 0 hits, 0 errors, 0 left on base; FCL St. Louis 0 - FCL Los Angeles (N) 0
TOP OF THE 5TH
FCL St. Louis Cardinals batting - Pitching for FCL Los Angeles (N) Dodgers : RHP Ben Anderson
Batting: RHB Raúl Mendoza 0-0: Foul Ball, location: 23FF
0-1: Called Strike
0-2: Ball
1-2: Strikes out swinging, 2-3 out at first.
Batting: SHB Tim Chapman 0-0: Ball
1-0: Ball
2-0: Ball
3-0: Called Strike
3-1: Base on Balls
Batting: RHB Dave Muller 0-0: Ball
1-0: Ball
2-0: Ball
3-0: Foul Ball, location: 7LMF
3-1: Base on Balls
Tim Chapman to second
Batting: RHB Gil Robert 0-0: Called Strike
0-1: Foul Ball, location: 9LSF
0-2: Foul Ball, location: 5DF
0-2: Ball
1-2: Ball
2-2: Grounds into double play, 6-4-3 (Groundball, 6, EV 105.6 MPH)
Top of the 5th over - 0 runs, 0 hits, 0 errors, 1 left on base; FCL St. Louis 0 - FCL Los Angeles (N) 0
BOTTOM OF THE 5TH
FCL Los Angeles (N) Dodgers batting - Pitching for FCL St. Louis Cardinals : RHP Max Knox
Batting: RHB Patrice Dumortier 0-0: SINGLE (Line Drive, 89M, EV 93.1 MPH)
Batting: LHB Ioan Avram 0-0: Called Strike
Patrice Dumortier steals 2nd base
0-1: Ball
1-1: Ground out 5-3 (Groundball, 56S, EV 82.5 MPH)
Batting: RHB Wilbert Ray 0-0: Fly out, F9 (Flyball, 9, EV 93.1 MPH)
Batting: RHB Alfredo Macías 0-0: Foul Ball, location: 2F
0-1: Swinging Strike
0-2: Strikes out swinging
Bottom of the 5th over - 0 runs, 1 hit, 0 errors, 1 left on base; FCL St. Louis 0 - FCL Los Angeles (N) 0
TOP OF THE 6TH
FCL St. Louis Cardinals batting - Pitching for FCL Los Angeles (N) Dodgers : RHP Ben Anderson
Batting: LHB Mel Peterson 0-0: Ground out 4-3 (Groundball, 34D, EV 103.8 MPH)
Batting: SHB Dan Carter 0-0: Ball
1-0: Ball
2-0: Ball
3-0: Called Strike
3-1: Fly out, F9 (Flyball, 9D, EV 104.4 MPH)
Batting: RHB Isaac Dean 0-0: Ball
1-0: Ball
2-0: Ball
3-0: Called Strike
3-1: Called Strike
3-2: Foul Ball, location: 9LMF
3-2: Strikes out swinging
Top of the 6th over - 0 runs, 0 hits, 0 errors, 0 left on base; FCL St. Louis 0 - FCL Los Angeles (N) 0
BOTTOM OF THE 6TH
FCL Los Angeles (N) Dodgers batting - Pitching for FCL St. Louis Cardinals : RHP Max Knox
Batting: LHB Steve Drews 0-0: Foul Ball, location: 23F
0-1: Ball
1-1: Called Strike
1-2: Ball
2-2: Fly out, F7 (Flyball, 7LM, EV 74.4 MPH)
Batting: SHB Joe Holley 0-0: Ball
1-0: Swinging Strike
1-1: Fly out, F7 (Flyball, 7S, EV 91.9 MPH)
Batting: RHB Sergio Aguilera 0-0: Ball
1-0: Called Strike
1-1: Ball
2-1: Foul Ball, location: 23FF
2-2: TRIPLE (Line Drive, 78XD, EV 105.6 MPH)
Pitching: LHP Jim Unknown
Batting: RHB Gonçalo Givotovsky 0-0: Ball
1-0: Swinging Strike
1-1: Foul Ball, location: 25F
1-2: Ball
2-2: Ball
3-2: Base on Balls
Pinch Hitting: LHB Sam McCarthy 0-0: Foul Ball, location: 23F
0-1: Foul Ball, location: 5FF
0-2: Strikes out swinging
Bottom of the 6th over - 0 runs, 1 hit, 0 errors, 2 left on base; FCL St. Louis 0 - FCL Los Angeles (N) 0
TOP OF THE 7TH
FCL St. Louis Cardinals batting - Pitching for FCL Los Angeles (N) Dodgers : RHP Ben Anderson
Now in CF: Timo van de Voorst
Batting: LHB Pete Bullock 0-0: Ball
1-0: Fly out, F8 (Flyball, 8LXD, EV 91.9 MPH)
Batting: RHB Jon Reed 0-0: Foul Ball, location: 23F
0-1: Swinging Strike
0-2: Ball
1-2: Strikes out swinging
Batting: RHB Raúl Mendoza 0-0: Ball
1-0: Ground out 6-3 (Groundball, 6, EV 100.0 MPH)
Top of the 7th over - 0 runs, 0 hits, 0 errors, 0 left on base; FCL St. Louis 0 - FCL Los Angeles (N) 0
BOTTOM OF THE 7TH
FCL Los Angeles (N) Dodgers batting - Pitching for FCL St. Louis Cardinals : LHP Jim Unknown
Batting: RHB Patrice Dumortier 0-0: Ball
1-0: Called Strike
1-1: Ball
2-1: Ball
3-1: SOLO HOME RUN (Flyball, 7LD, EV 96.3 MPH), Distance : 355 ft
Batting: LHB Ioan Avram 0-0: Fly out, F7 (Flyball, 7LS, EV 91.3 MPH)
Batting: RHB Wilbert Ray 0-0: Foul Ball, location: 9LDF
0-1: Swinging Strike
0-2: Foul Ball, location: 2F
0-2: Ball
1-2: Strikes out swinging
Batting: RHB Alfredo Macías 0-0: Ball
1-0: Fly out, F8 (Flyball, 8RD, EV 97.5 MPH)
Bottom of the 7th over - 1 run, 1 hit, 0 errors, 0 left on base; FCL St. Louis 0 - FCL Los Angeles (N) 1
TOP OF THE 8TH
FCL St. Louis Cardinals batting - Pitching for FCL Los Angeles (N) Dodgers : RHP Ben Anderson
Batting: SHB Tim Chapman 0-0: Ball
1-0: Called Strike
1-1: Swinging Strike
1-2: Strikes out swinging
Pinch Hitting: LHB Don Webb 0-0: Ball
1-0: Foul Ball, location: 2F
1-1: Ball
2-1: Ball
3-1: Swinging Strike
3-2: Strikes out swinging
Pinch Hitting: RHB Dane Thomas 0-0: Ball
1-0: Ball
2-0: Ball
3-0: Called Strike
3-1: Base on Balls
Pinch Hitting: SHB Jerry Williams 0-0: Ball
1-0: Ball
2-0: Foul Ball, location: 3DF
2-1: Swinging Strike
2-2: Ball
3-2: Base on Balls
Dane Thomas to second
Pinch Runner at 2nd Quincy Burgess:
Pinch Hitting: RHB Desi Small 0-0: Called Strike
0-1: Foul Ball, location: 2F
0-2: Ball
1-2: Strikes out looking
Top of the 8th over - 0 runs, 0 hits, 0 errors, 2 left on base; FCL St. Louis 0 - FCL Los Angeles (N) 1
BOTTOM OF THE 8TH
FCL Los Angeles (N) Dodgers batting - Pitching for FCL St. Louis Cardinals : LHP Jim Unknown
Now at 2B: Quincy Burgess
Now at 3B: Jerry Williams
Now in CF: Chet Morgan
Now in RF: Don Webb
Batting: LHB Steve Drews 0-0: Swinging Strike
0-1: Swinging Strike
0-2: Foul Ball, location: 9LSF
0-2: Ball
1-2: Ball
2-2: Strikes out swinging
Batting: SHB Joe Holley 0-0: Called Strike
0-1: Swinging Strike
0-2: Strikes out looking
Batting: RHB Sergio Aguilera 0-0: Ball
1-0: Swinging Strike
1-1: Swinging Strike
1-2: Ball
2-2: Strikes out swinging
Bottom of the 8th over - 0 runs, 0 hits, 0 errors, 0 left on base; FCL St. Louis 0 - FCL Los Angeles (N) 1
TOP OF THE 9TH
FCL St. Louis Cardinals batting - Pitching for FCL Los Angeles (N) Dodgers : RHP Ben Anderson
Now at 1B: Josh Edwards
Now at 2B: Joe Holley
Pinch Hitting: SHB Jeff Fullerton 0-0: Ball
1-0: Ground out 4-3 (Groundball, 34D, EV 101.3 MPH)
Batting: RHB Vern Black 0-0: Ball
1-0: Ball
2-0: Ball
3-0: Base on Balls
Pitching: RHP Pat Quinn
Pinch Hitting: LHB Kurt Martínez 0-0: Fielders Choice at 2nd, 5-4 (Groundball, 5L, EV 103.8 MPH)
Pinch Hitting: SHB Luis Méndez 0-0: Swinging Strike
0-1: Ball
1-1: Foul Ball, location: 2F
1-2: Strikes out swinging
Top of the 9th over - 0 runs, 0 hits, 0 errors, 1 left on base; FCL St. Louis 0 - FCL Los Angeles (N) 1
Friday, May 3rd , 2024 - OOTP Baseball 24.10 Build 82